 Dungeon Crawl Stone Soup version 0.27-a0-732-ga892ba84f6 (webtiles) character file.

Game seed: 3770845480012869403

52 rageheart7 the Skirmisher (level 3, -1/45 HPs)
             Began as a Demonspawn Abyssal Knight on Mar 23, 2021.
             Was a Follower of Lugonu.
             Slain by a goblin
             ... wielding a +0 club
             ... led by Robin
              (4 damage)
             ... on level 2 of the Dungeon.
             The game lasted 00:01:55 (1720 turns).

rageheart7 the Skirmisher (DsAK)                    Turns: 1720, Time: 00:01:55

Health: -1/45      AC: 21    Str: 13    XL:     3   Next: 60%
Magic:  4/4        EV:  2    Int: 13    God:    Lugonu [*.....]
Gold:   32         SH:  0    Dex: 12    Spells: 2/2 levels left

rFire    . . .     SeeInvis .   a - +1 spear
rCold    . . .     Faith    .   (no shield)
rNeg     + + +     Spirit   .   (armour currently unavailable)
rPois    +         Reflect  .   (helmet currently unavailable)
rElec    .         Harm     .   (cloak currently unavailable)
rCorr    .         Rampage  .   (gloves currently unavailable)
Will     .....     NoTele   +   (boots currently unavailable)
Stlth    +.........             (no amulet)
HPRegen  0.15/turn              (no ring)
MPRegen  0.18/turn              (no ring)

@: tree-form
A: stationary, stasis, torment immunity, boosted hp, magic regeneration
a: Renounce Religion, Depart the Abyss


You were on level 2 of the Dungeon.
You worshipped Lugonu.
Lugonu was aware of your devotion.
You were a tree.
You visited 1 branch of the dungeon, and saw 2 of its levels.
You visited the Abyss 1 time.

You collected 32 gold pieces.

Inventory:

Hand Weapons
 a - a +1 spear (weapon)
Armour
 b - a +0 leather armour (melded)
 g - a +0 cloak (melded)
Scrolls
 c - a scroll of enchant weapon {unknown}
 e - a scroll of fear {unknown}
 f - a scroll of random uselessness {unknown}
Potions
 d - a potion of lignification


   Skills:
 * Level 4.0 Fighting
 * Level 2.6 Polearms
 - Level 1.7 Armour
 - Level 0.8 Dodging
 - Level 2.4 Invocations


You had 2 spell levels left.
You didn't know any spells.
Your spell library was empty.

Dungeon Overview and Level Annotations

Branches:
Dungeon (2/15)

Altars:
Ashenzari


Innate Abilities, Weirdness & Mutations

You are a tree.
Your roots penetrate the ground, keeping you stationary.
You cannot be teleported.
You are immune to unholy pain and torment.
Your maximum health is greatly increased.
Your equipment is partially melded.
You regenerate magic rapidly.


Message History

The goblin hits you with a +0 club.
Robin hits you with a +2 falchion of flaming.
Robin burns you.
You hit Robin.
Robin is heavily wounded.
The goblin completely misses you.
You barely miss Robin.
Robin is heavily wounded.
Robin hits you with a +2 falchion of flaming.
Robin burns you.
* * * LOW HITPOINT WARNING * * *
The goblin hits you with a +0 club.
* * * LOW HITPOINT WARNING * * *
You feel better.
Robin hits you with a +2 falchion of flaming!
* * * LOW HITPOINT WARNING * * *
Robin burns you.
* * * LOW HITPOINT WARNING * * *
The goblin hits you with a +0 club.
* * * LOW HITPOINT WARNING * * *
It was a potion of lignification.
You turn into a tree.
Your +0 cloak melds into your body.
Your +0 leather armour melds into your body.
Your roots penetrate the ground.
Robin hits you but does no damage. The goblin hits you but does no damage.
You hit Robin but do no damage.
Robin is heavily wounded.
Robin barely misses you.
The goblin hits you but does no damage. x2
You hit Robin.
Robin is heavily wounded.
Robin throws the goblin at you! The goblin hits you but does no damage.
You hit Robin.
Robin is severely wounded.
The goblin hits you but does no damage. Robin hits you but does no damage.
The goblin barely misses you.
You hit Robin.
You kill Robin!
Lugonu accepts your kill. The goblin hits you with a +0 club.
You die...

..#..................
...........).......
#......?......#
#).......)...#
#..........###
######.........#
...............#
..............)#
..............♣#
.............gg#
.................
......#.###.#.###
######.<..#...#
#.......[.
#......#### #....#.#
#....###


You could see 2 goblins.

Vanquished Creatures
  Robin (D:2)
  An adder (D:1)
  A dart slug (D:1)
  6 ball pythons (D:1)
  A giant cockroach (D:1)
  10 goblins
  3 hobgoblins (D:1)
  5 oozes (D:1)
  2 bats (D:1)
  A frilled lizard (D:1)
  A jackal skeleton (D:2)
  3 kobolds (D:1)
  4 rats
39 creatures vanquished.

Notes
Turn   | Place    | Note
-------+----------+-------------------------------------------
     0 | Abyss:1  | rageheart7 the Demonspawn Abyssal Knight began the quest
                  | for the Orb.
     0 | Abyss:1  | Reached XP level 1. HP: 18/18 MP: 2/2
    71 | Abyss:1  | Noticed a large abomination
    72 | D:1      | Escaped the Abyss
   382 | D:1      | Reached * piety under Lugonu
   425 | D:1      | Gained mutation: You regenerate magic rapidly. [demonic
                  | ancestry]
   425 | D:1      | Reached XP level 2. HP: 15/24 MP: 3/3
   654 | D:1      | Found a broken altar of Ashenzari.
  1211 | D:1      | Reached XP level 3. HP: 30/30 MP: 4/4
  1284 | D:2      | Noticed Robin
  1521 | D:1      | Reached skill level 4 in Fighting
  1715 | D:2      | HP: 1/30 [goblin/+0 club[Robin] (2)]
  1720 | D:2      | Killed Robin
  1720 | D:2      | Slain by a goblin

Illustrated notes

Levels and vault maps discovered:
D:1:      lordsloth_arrival_two_stooges, layout_basic, kennysheep_crisscross,
          nicolae_ashenzari_panopticon
D:2:      layout_rooms, serial_undead, serial_undead_e, serial_undead_a,
          serial_undead_e, serial_undead_a, uniq_robin, uniq_terence

Skill      XL: |  1  2  3 |
---------------+----------+-----
Polearms       | 2 |  2.6
Fighting       | 4 |  4.0
Armour         | |  1.7
Dodging        | |  0.8
Invocations    | |  2.4

Action                   || total
-------------------------++-------
Melee: Spear             ||    99
Invok: Depart the Abyss  ||     1
  Use: Potion            ||     3
Armor: Leather armour    ||    26
       Skin              ||     8
Dodge: Dodged            ||    56

Table legend: (Time is in decaauts)
 A = Elapsed time spent in this place.
 B = Non-inter-level travel time spent in this place.
 C = Inter-level travel time spent in this place.
 D = Time resting spent in this place.
 E = Time spent auto-exploring this place.
 F = Levels seen in this place.
 G = Mean time per level.
                   A        B        C        D        E       F      G
               +--------+--------+--------+--------+--------+-----+--------+
         Total |   1721 |   1685 |     36 |    542 |    919 |   3 |  573.7 |
       Dungeon |   1649 |   1613 |     36 |    542 |    851 |   2 |  824.5 |
         Abyss |     72 |     72 |      0 |      0 |     68 |   1 |   72.0 |
               +--------+--------+--------+--------+--------+-----+--------+

Top non-repeatable levels by time:
     D:1: 1591 daAuts
 Abyss:1: 72 daAuts
     D:2: 57 daAuts
